 Dungeon Crawl Stone Soup version 0.22-a0-322-g60b3cfd (webtiles) character file.

2510 Amnesiac the Geomancer (level 9, 0/39 HPs)
             Began as a Spriggan Earth Elementalist on Apr 5, 2018.
             Was a Believer of Dithmenos.
             Killed by divine providence
             ... invoked by an orc priest
              (15 damage)
             ... on level 7 of the Dungeon.
             The game lasted 00:15:41 (8484 turns).

Amnesiac the Geomancer (SpEE)                       Turns: 8484, Time: 00:15:42

Health: 0/39       AC:  2    Str:  4    XL:     9   Next: 28%
Magic:  25/30      EV: 18    Int: 19    God:    Dithmenos [**....]
Gold:   316        SH:  0    Dex: 17    Spells: 9/23 levels left

rFire    . . .     SeeInvis +   D - +0 dagger (protect)
rCold    . . .     Gourm    .   (shield restricted)
rNeg     . . .     Faith    .   c - +0 robe
rPois    .         Spirit   .   (helmet restricted)
rElec    .         Reflect  .   (no cloak)
rCorr    .         Harm     +   (gloves unavailable)
MR       +....                  (boots unavailable)
Stlth    +++.......             E - amulet of harm
HPRegen  0.13/turn              (no ring)
MPRegen  0.22/turn              e - ring of magical power

@: wreathed by umbra, very quick
A: very small, unfitting armour, see invisible, herbivore, speed 3, slow
metabolism 2
a: Shadow Step, Renounce Religion


You were on level 7 of the Dungeon.
You worshipped Dithmenos.
Dithmenos was pleased with you.
You were not hungry.

You visited 1 branch of the dungeon, and saw 7 of its levels.
You also visited: Sewer.

You collected 316 gold pieces.

Inventory:

Hand Weapons
 D - a +0 dagger of protection (weapon)
Missiles
 b - 25 stones (quivered)
 A - a throwing net
 C - 73 arrows
Armour
 c - a +0 robe (worn)
Jewellery
 e - a ring of magical power (right hand)
 k - an uncursed amulet of rage
 y - an uncursed ring of fire
 E - an amulet of harm (around neck)
Scrolls
 a - 3 scrolls of random uselessness {!r, unknown}
 h - 7 scrolls of identify {!r, unknown}
 i - 4 scrolls of amnesia {!r, unknown}
 j - a scroll of fear {!r, unknown}
 l - a scroll of noise {!r, unknown}
 n - 2 scrolls of teleportation {!r, unknown}
 p - 3 scrolls of immolation {!r, unknown}
 q - 2 scrolls of remove curse {!r, unknown}
 r - a scroll of enchant weapon {!r, unknown}
 u - a scroll of fog {!r, unknown}
Potions
 f - 2 potions of berserk rage {!q, unknown}
 g - 7 potions of heal wounds {!q, unknown}
 m - 2 potions of cancellation {!q, unknown}
 o - a potion of lignification {!q, unknown}
 s - 3 potions of resistance {!q}
 t - 5 potions of flight {!q, unknown}
 v - 8 potions of curing {!q, unknown}
 w - a potion of might {!q, unknown}
 x - a potion of agility {!q, unknown}
 z - 2 potions of mutation {!q, unknown}
 B - a potion of magic {!q, unknown}
Comestibles
 d - 6 rations


   Skills:
 - Level 1.0 Short Blades
 - Level 3.0 Dodging
 - Level 3.0 Stealth
 + Level 7.8 Spellcasting
 + Level 8.5 Transmutations
 * Level 8.6 Earth Magic


You had 9 spell levels left.
You knew the following spells:

 Your Spells              Type           Power        Failure   Level  Hunger
a - Sandblast             Erth           #####.       1%          1    None
b - Passwall              Tmut/Erth      #####.....   1%          2    None
c - Sticks to Snakes      Tmut           #####...     1%          2    None
d - Lee's Rapid Deconstr  Erth           #####.....   8%          5    #####..
e - Petrify               Tmut/Erth      #####...     2%          4    ###....


Dungeon Overview and Level Annotations

Branches:
Dungeon (7/15)
 Temple: D:4-7

Altars:
Dithmenos
Elyvilon
Fedhas
Hepliaklqana
Nemelex Xobeh
Sif Muna
Wu Jian
Xom
Zin

Shops:
D:5 (


Innate Abilities, Weirdness & Mutations

You are very small and have problems with some larger weapons.
You are too small for most types of armour.
You have supernaturally acute eyesight. (SInv)
You are a herbivore.
You cover ground extremely quickly.
You need to consume almost no food.


Message History

Dithmenos accepts your kill.
b - 30 stones An orc wizard comes into view.
It is wielding a dagger.
Unknown command.
Casting: Sandblast (safe; 1% risk of failure)
Confirm with . or Enter, or press ? or * to list all spells.
Aiming: Sandblast (safe; 1% risk of failure)
Press: ? - help, Shift-Dir - straight line, f - orc wizard
Aim: an orc wizard, wielding a dagger and wearing a robe The blast of sand misses the orc wizard.
b - 29 stones
Casting: Sandblast (safe; 1% risk of failure)
Confirm with . or Enter, or press ? or * to list all spells.
Aiming: Sandblast (safe; 1% risk of failure)
Press: ? - help, Shift-Dir - straight line, f/p - orc wizard
Aim: an orc wizard, wielding a dagger and wearing a robe (umbra)
The blast of sand hits the orc wizard.
You kill the orc wizard!
Dithmenos accepts your kill.
Dithmenos appreciates your extinguishing a source of fire.
b - 28 stones
Casting: Sandblast (safe; 1% risk of failure)
Confirm with . or Enter, or press ? or * to list all spells.
You can't see any susceptible monsters within range! (Use Z to cast anyway.)
An orc priest comes into view. It is wielding a hand axe.
Items here: )) [[ † a dagger; a robe; a flail; a runed ring mail; an orc corpse An orc priest is nearby!
An orc priest is nearby!
The orc priest shouts!
The orc priest invokes the aid of Beogh against you.
Beogh smites you!
You hear a shout!
Casting: Sandblast (safe; 1% risk of failure)
Confirm with . or Enter, or press ? or * to list all spells.
Aiming: Sandblast (safe; 1% risk of failure)
Press: ? - help, Shift-Dir - straight line, f - orc priest
Aim: an orc priest, wielding a hand axe The blast of sand hits the orc priest.
The orc priest is heavily wounded.
b - 27 stones An orc priest comes into view.
It is wielding a hand axe.
Casting: Sandblast (safe; 1% risk of failure)
Confirm with . or Enter, or press ? or * to list all spells.
Aiming: Sandblast (safe; 1% risk of failure)
Press: ? - help, Shift-Dir - straight line, f/p - orc priest
Aim: an orc priest, wielding a hand axe (heavily wounded, umbra)
The blast of sand hits the orc priest.
You kill the orc priest!
Dithmenos accepts your kill.
b - 26 stones The orc priest invokes the aid of Beogh against you.
Pain shoots through your body!
* * * LOW HITPOINT WARNING * * *
Casting: Sandblast (safe; 1% risk of failure)
Confirm with . or Enter, or press ? or * to list all spells.
Aiming: Sandblast (safe; 1% risk of failure)
Press: ? - help, Shift-Dir - straight line, f - orc priest
Aim: an orc priest, wielding a hand axe and wearing a scale mail (umbra)
The blast of sand hits the orc priest.
b - 25 stones The orc priest mumbles some strange prayers to Beogh against you.
Beogh smites you!
You die...

################
#......)@.......
#.#######.).####
#.# o..# #.#
...# #.# #+##
#.# #.# #.#
#.########.#


You could see an orc priest.

Vanquished Creatures
  The ghost of galech the Ruffian, an amateur TrMo (D:3)
  Sigmund (D:4)
  Menkaure (D:4)
  3 water moccasins
  A centaur (D:5)
  An ogre (D:4)
  A big kobold (Sewer)
  3 bullfrogs (D:6)
  2 scorpions
  2 howler monkeys
  10 wights (D:6)
  4 crimson imps
  A centaur zombie (D:5)
  A quasit (D:5)
  A jelly (D:6)
  An orc priest (D:7)
  3 orc wizards
  2 worker ants
  A hound zombie (D:5)
  3 hound skeletons
  3 gnolls (D:3)
  12 adders
  7 river rats
  2 oozes (Sewer)
  An adder skeleton (D:3)
  2 worms
  A dart slug (D:2)
  4 leopard geckos
  10 orcs
  6 giant cockroaches
  5 goblins
  3 hobgoblins
  5 jackals (D:5)
  21 kobolds
  4 quokkas
  8 ball pythons
  A ball python skeleton (D:4)
  6 bats
  4 frilled lizards
  22 rats
170 creatures vanquished.

Vanquished Creatures (others)
  A jackal (D:5)
1 creature vanquished.

Grand Total: 171 creatures vanquished

Notes
Turn   | Place    | Note
-------+----------+-------------------------------------------
     0 | D:1      | Amnesiac the Spriggan Earth Elementalist began the quest for the Orb.
     0 | D:1      | Reached XP level 1. HP: 9/9 MP: 5/5
   156 | D:1      | Reached XP level 2. HP: 7/13 MP: 0/6
   173 | D:1      | Learned a level 2 spell: Passwall
   414 | D:2      | Reached XP level 3. HP: 14/16 MP: 1/8
   522 | D:3      | Found a glowing silver altar of Zin.
   522 | D:3      | Found an ornate altar of the Wu Jian Council.
   553 | D:3      | Found a deep blue altar of Sif Muna.
   641 | D:3      | Noticed galech's ghost (amateur TrMo)
   970 | D:4      | Noticed an ogre
   982 | D:4      | Reached XP level 4. HP: 19/21 MP: 2/9
   995 | D:4      | Learned a level 4 spell: Petrify
   997 | D:4      | Reached skill level 1 in Short Blades
  1070 | D:4      | Killed an ogre
  1070 | D:4      | Reached XP level 5. HP: 24/24 MP: 4/11
  1178 | D:4      | Found a hazy altar of Hepliaklqana.
  1247 | D:4      | Noticed Menkaure
  1255 | D:4      | HP: 1/24 [Menkaure (12)]
  1256 | D:4      | Killed Menkaure
  1256 | D:4      | Reached XP level 6. HP: 1/28 MP: 3/13
  1567 | D:4      | Noticed Sigmund
  1575 | D:4      | Killed Sigmund
  1575 | D:4      | Reached skill level 5 in Transmutations
  1575 | D:4      | Reached skill level 5 in Earth Magic
  1652 | D:4      | Reached XP level 7. HP: 9/32 MP: 1/15
  2195 | D:5      | Entered Level 5 of the Dungeon
  2195 | D:5      | Found Gipuadd's Weapon Shop.
  2203 | D:5      | Learned a level 5 spell: Lee's Rapid Deconstruction
  2521 | D:5      | Reached skill level 5 in Spellcasting
  2843 | D:5      | Found a glowing drain.
  2872 | D:5      | Found a blossoming altar of Fedhas.
  2892 | Sewer    | Entered a sewer
  4790 | D:5      | Reached XP level 8. HP: 34/36 MP: 8/18
  4851 | D:5      | Found a shadowy altar of Dithmenos.
  4859 | D:5      | Became a worshipper of Dithmenos the Shadowed
  6338 | D:3      | Killed galech's ghost
  6581 | D:5      | Found a shimmering altar of Xom.
  6715 | D:6      | Reached * piety under Dithmenos
  7272 | D:6      | Found a sparkling altar of Nemelex Xobeh.
  7304 | D:6      | Learned a level 2 spell: Sticks to Snakes
  7563 | D:6      | Reached XP level 9. HP: 17/39 MP: 18/20
  8341 | D:6      | Reached ** piety under Dithmenos
  8344 | D:6      | Found a white marble altar of Elyvilon.
  8484 | D:7      | Killed from afar by an orc priest

Vault maps used:
D:1:      saegor_arrival_miasma, minmay_nonomino_d4
D:2:      first_ration, minmay_tree_intersection
D:3:      gammafunk_temple_overflow_wave, led_sif_pool
D:4:      lemuel_doored_altar, grunt_ministairs_10, skrybe_limestone_x,
          uniq_sigmund, uniq_menkaure
D:5:      kennysheep_mini_moat, nicolae_dithmenos_through_a_glass_darkly,
          basic_altar, portal_sewer_entry_a, serial_shops, shop
D:6:      nemelex_xobeh_ov_fountains_minmay, marbit_many_paths
D:7:      temple_fountains
Sewer:    sewer_minmay_treatment

Skill      XL: |  1  2  3  4  5  6  7  8 |
---------------+-------------------------+-----
Earth Magic    | 3 4 5 6 8 |  8.6
Transmutations | 3 4 5 6 8 |  8.5
Spellcasting   | 3 4 6 7 |  7.8
Short Blades   | 1 |  1.0
Dodging        | |  3.0
Stealth        | |  3.0

Action                   |  1- 3 |  4- 6 |  7- 9 || total
-------------------------+-------+-------+-------++-------
Melee: Dagger            |    17 |    14 |   506 ||   537
 Cast: Sandblast         |    49 |    35 |   115 ||   199
       Passwall          |     1 |     1 |     2 ||     4
       Petrify           |       |       |    41 ||    41
       Lee's Rapid Decon |       |       |     2 ||     2
 Stab: Sleeping          |     4 |     2 |    12 ||    18
       Petrified         |       |       |    56 ||    56
       Petrifying        |       |       |     7 ||     7
  Eat: Ration            |       |       |     7 ||     7
Armor: Robe              |     7 |     4 |    50 ||    61
Dodge: Dodged            |    42 |    16 |   496 ||   554

Table legend:
 A = Spawn XP
 B = Non-spawn XP
 C = Spawn XP percentage of total XP
 D = Spawn monster count
 E = Non-spawn monster count
 F = Spawn count percentage of total count
 G = Total turns spent on level
                    A         B        C        D         E        F      G
               +---------+---------+-------+---------+---------+-------+---------
         Total |       0 |    3587 |   0.0 |       0 |     169 |   0.0 |  8484
               +---------+---------+-------+---------+---------+-------+---------
           D:1 |       0 |      35 |   0.0 |       0 |      22 |   0.0 |   678
           D:2 |       0 |      39 |   0.0 |       0 |       7 |   0.0 |   590
           D:3 |       0 |     356 |   0.0 |       0 |      22 |   0.0 |  1184
           D:4 |       0 |     697 |   0.0 |       0 |      16 |   0.0 |  1918
           D:5 |       0 |     696 |   0.0 |       0 |      19 |   0.0 |   929
           D:6 |       0 |    1407 |   0.0 |       0 |      32 |   0.0 |  1492
           D:7 |       0 |      79 |   0.0 |       0 |       3 |   0.0 |    24
         Sewer |       0 |     278 |   0.0 |       0 |      48 |   0.0 |  1669
               +---------+---------+-------+---------+---------+-------+---------
